 Dungeon Crawl Stone Soup version 0.22.1-1-ga44c0e5 (webtiles) character file.

149 teukkam the Skirmisher (level 5, -2/48 HPs)
             Began as a Minotaur Berserker on Nov 2, 2018.
             Was a Believer of Trog.
             Slain by Grinder (3 damage)
             ... on level 3 of the Dungeon.
             The game lasted 00:06:29 (1669 turns).

teukkam the Skirmisher (Minotaur Berserker)         Turns: 1669, Time: 00:06:30

Health: -2/48      AC:  9    Str: 28    XL:     5   Next: 9%
Magic:  4/4        EV: 11    Int:  4    God:    Trog [**....]
Gold:   89         SH:  0    Dex:  9    Spells: 4/4 levels left

rFire    . . .     SeeInvis .   a - +1 dagger (venom)
rCold    + . .     Gourm    .   (no shield)
rNeg     . . .     Faith    .   d - +1 ring mail {rC+}
rPois    .         Spirit   .   (helmet restricted)
rElec    .         Reflect  .   (no cloak)
rCorr    .         Harm     .   (no gloves)
MR       .....                  (no boots)
Stlth    ..........             l - amulet of regeneration
HPRegen  0.56/turn              k - +3 ring of protection
MPRegen  0.09/turn              (no ring)

@: mighty, berserk cooldown, slowed, very slow
A: retaliatory headbutt, horns 2
a: Berserk, Trog's Hand, Renounce Religion


You were on level 3 of the Dungeon.
You worshipped Trog.
Trog was pleased with you.
You were very hungry.

You visited 1 branch of the dungeon, and saw 3 of its levels.

You collected 89 gold pieces.

Inventory:

Hand Weapons
 a - a +1 dagger of venom (weapon)
 b - a +0 hunting sling
 e - a +0 hand axe
Missiles
 f - 72 stones (quivered)
 m - 8 javelins
 p - 33 arrows
Armour
 d - a +1 ring mail of cold resistance (worn)
 u - a +0 animal skin
Jewellery
 k - a +3 ring of protection (left hand)
 l - an amulet of regeneration (around neck)
 o - an uncursed ring of resist corrosion {unknown}
Scrolls
 g - a scroll of immolation {unknown}
 i - a scroll of fog {unknown}
 j - 3 scrolls of teleportation {unknown}
 n - a scroll of enchant weapon {unknown}
 r - 4 scrolls of identify {unknown}
 s - 2 scrolls of amnesia {unknown}
 w - a scroll of magic mapping {unknown}
Potions
 h - a potion of curing
 t - a potion of heal wounds {unknown}
 x - a potion of brilliance {unknown}
Comestibles
 c - 2 rations


   Skills:
 + Level 5.4 Fighting
 + Level 2.7 Short Blades
 - Level 4.2 Axes
 + Level 1.4 Slings
 - Level 2.4 Armour
 - Level 2.1 Dodging


You had 4 spell levels left.
You didn't know any spells.
Your spell library contained the following spells:

 Spells                   Type           Power        Failure   Level  Hunger
 Confusing Touch          Hex            #.....       63%         1    ##.....
 Magic Dart               Conj           #...         63%         1    ##.....
 Blink                    Tloc           N/A          77%         2    ###....
 Call Imp                 Summ           #.......     77%         2    ###....
 Slow                     Hex            #.......     77%         2    ###....
 Confuse                  Hex            #.......     94%         3    ####...
 Conjure Flame            Conj/Fire      #.......     94%         3    ####...
 Gell's Gravitas          Tloc           #.........   94%         3    ####...
 Mephitic Cloud           Conj/Pois/Air  #.......     94%         3    ####...
 Petrify                  Tmut/Erth      #.......     100%        4    #####..
 Metabolic Englaciation   Hex/Ice        #.........   100%        5    ######.
 Yara's Violent Unravell  Hex/Tmut       #.........   100%        5    ######.


Dungeon Overview and Level Annotations

Branches:
Dungeon (3/15)

Altars:
Ashenzari
Gozag
Nemelex Xobeh
Ru
The Shining One

Annotations:
D:3 Grinder


Innate Abilities, Weirdness & Mutations

You reflexively headbutt those who attack you in melee.
You have a pair of horns on your head.


Message History

Grinder is heavily wounded.
Grinder completely misses you.
You closely miss Grinder.
Grinder is heavily wounded.
Grinder hits you.
You writhe in agony.
* * * LOW HITPOINT WARNING * * *
Grinder hits you.
* * * LOW HITPOINT WARNING * * *
You writhe in agony.
* * * LOW HITPOINT WARNING * * *
It was a potion of curing.
You feel better. Grinder hits you.
* * * LOW HITPOINT WARNING * * *
You writhe in agony.
* * * LOW HITPOINT WARNING * * *
It was a potion of might.
You feel very mighty all of a sudden. Grinder hits you.
* * * LOW HITPOINT WARNING * * *
You writhe in agony.
You die...

>.# ((# ...#
#.⌠.
##((.####...
.(..... ...#
##(#.....
...+
###.5....#
#..#
#..@.##..
#..# .
#)##.##..
#..# . #.##.#
#.####..# .
#.##.#
#.P.....####.
#.##[#
#............
#.##.#
##.######...#
#.##.# #.#
##..# #.##.#
#.# #..#
#.##.# #.###
#...


You could see Grinder.

Vanquished Creatures
  A howler monkey (D:2)
  4 adders
  A worm (D:2)
  2 dart slugs
  A leopard gecko (D:1)
  3 orcs (D:3)
  3 giant cockroaches
  6 hobgoblins
  6 jackals
  6 kobolds (D:1)
  A quokka (D:3)
  2 ball pythons
  5 bats (D:1)
  6 frilled lizards
  9 goblins
  2 rats (D:1)
58 creatures vanquished.

Notes
Turn   | Place    | Note
-------+----------+-------------------------------------------
     0 | D:1      | teukkam the Minotaur Berserker began the quest for the Orb.
     0 | D:1      | Reached XP level 1. HP: 19/19 MP: 0/0
    20 | D:1      | Reached skill level 4 in Fighting
    28 | D:1      | Reached XP level 2. HP: 19/27 MP: 1/1
   185 | D:1      | Found a glowing golden altar of the Shining One.
   366 | D:1      | You fall through a shaft!
   380 | D:2      | Reached skill level 1 in Short Blades
   380 | D:2      | Reached XP level 3. HP: 34/34 MP: 2/2
   558 | D:1      | Reached ** piety under Trog
   961 | D:2      | You fall through a shaft!
   961 | D:3      | Found an opulent altar of Gozag.
  1060 | D:2      | Found a shattered altar of Ashenzari.
  1096 | D:2      | Reached skill level 5 in Fighting
  1096 | D:2      | Reached XP level 4. HP: 42/42 MP: 3/3
  1210 | D:2      | Found a sparkling altar of Nemelex Xobeh.
  1263 | D:2      | Found a sacrificial altar of Ru.
  1416 | D:2      | Reached skill level 1 in Slings
  1639 | D:3      | Reached XP level 5. HP: 46/48 MP: 4/4
  1643 | D:3      | Noticed Grinder
  1668 | D:3      | HP: 2/48 [Grinder (5)]
  1669 | D:3      | Slain by Grinder

Skill      XL: |  1  2  3  4 |
---------------+-------------+-----
Fighting       | 4 5 |  5.4
Axes           | 4 |  4.2
Short Blades   | 1 2 |  2.7
Slings         | 1 |  1.4
Armour         | |  2.4
Dodging        | |  2.1

Action                   |  1- 3 |  4- 6 || total
-------------------------+-------+-------++-------
Melee: Hand axe          |    18 |       ||    18
       Headbutt          |    12 |     5 ||    17
       Dagger            |    48 |    27 ||    75
 Fire: Hunting sling     |       |    30 ||    30
Invok: Berserk           |     1 |     1 ||     2
  Use: Potion            |       |     2 ||     2
  Eat: Chunk             |     1 |     2 ||     3
Armor: Animal skin       |    26 |     5 ||    31
       Ring mail         |       |     3 ||     3
Dodge: Dodged            |    51 |    14 ||    65
